 Dungeon Crawl Stone Soup version 0.32-a0-900-g30fb1b0edc (webtiles) character file.

Game seed: 4659218689616721320

539 smashvw the Cudgeller (level 7, -2/61 HPs)
             Began as a Mountain Dwarf Fighter on Apr 2, 2024.
             Was a Follower of Beogh.
             Slain by a gnoll
             ... wielding a +0 halberd
              (12 damage)
             ... on level 5 of the Dungeon on Apr 6, 2024.
             The game lasted 00:11:43 (4057 turns).

smashvw the Cudgeller (Mountain Dwarf Fighter)      Turns: 4057, Time: 00:11:44

Health: -2/61      AC:  9    Str: 21    XL:     7   Next: 5%
Magic:  7/7        EV:  6    Int:  8    God:    Beogh [*.....]
Gold:   163        SH:  4    Dex:  9    Spells: 6/6 levels left

rFire   . . .        a - +0 flail
rCold   . . .        c - +0 buckler
rNeg    . . .        o - +0 chain mail
rPois   .            (no helmet)
rElec   .            (no cloak)
rCorr   .            (no gloves)
SInv    .            (no boots)
Will    .....        (no amulet) Stlth
                     m - ring of flight
HPRegen 0.30/turn    (no ring)
MPRegen 0.10/turn

%: no passive effects
@: mighty, flying
A: runic magic, artefact enchanting
a: Renounce Religion


You were on level 5 of the Dungeon.
You worshipped Beogh.
Beogh was aware of your devotion.
You visited 1 branch of the dungeon, and saw 6 of its levels.

You collected 163 gold pieces.

Inventory:

Hand Weapons
 a - a +0 flail (weapon)
Armour
 b - a +0 scale mail
 c - a +0 buckler (worn)
 o - a +0 chain mail (worn)
Jewellery
 m - a ring of flight (left hand)
 r - a ring of wizardry
Wands
 q - a wand of flame (44)
 u - a wand of iceblast (8)
Scrolls
 e - a scroll of enchant weapon {unknown}
 f - a scroll of vulnerability {unknown}
 i - 2 scrolls of enchant armour {unknown}
 j - 8 scrolls of identify {unknown}
 k - 2 scrolls of teleportation {unknown}
 n - 2 scrolls of fear {unknown}
 p - 2 scrolls of blinking {unknown}
 t - a scroll of noise {unknown}
Potions
 g - a potion of enlightenment {unknown}
 h - 2 potions of curing {unknown}
 l - a potion of lignification {unknown}
 s - a potion of degeneration {unknown}


   Skills:
 - Level 5.0 Fighting
 + Level 6.2 Maces & Flails
 - Level 3.2 Armour
 - Level 6.0 Shields


You had 6 spell levels left.
You didn't know any spells.
Your spell library contained the following spells:

 Spells                   Type           Power      Damage    Failure   Level
 Summon Small Mammal      Summ           0%         N/A       63%         1
 Call Canine Familiar     Summ           0%         N/A       94%         3
 Dazzling Flash           Conj/Hex       0%         N/A       94%         3
 Mephitic Cloud           Conj/Alch/Air  0%         N/A       94%         3
 Summon Blazeheart Golem  Fire/Summ      0%         N/A       100%        4
 Curse of Agony           Necr           0%         N/A       100%        5
 Silence                  Hex/Air        0%         N/A       100%        5


Dungeon Overview and Level Annotations

Branches:
Dungeon (6/15)
 Temple: D:4-7

Altars:
Ashenzari
Gozag
Hepliaklqana
Makhleb
Nemelex Xobeh
Xom
Yredelemnul
Zin

Shops:
D:2 [


Innate Abilities, Weirdness & Mutations

Your spellcasting is much less encumbered by armour.
You can use scrolls of enchantment on lesser artefacts.


Message History

The sky beast moves out of view.
The gnoll shouts!
There is an open door here.
Unknown command.
Unknown command.
A gnoll comes into view. It is wielding a +0 whip.
The sky beast flickers out of sight!
Deactivating autopickup; reactivate with Ctrl-A.
The gnoll zaps a wand.
The puff of flame hits you.
The gnoll zaps a wand.
The puff of flame misses you.
There is a stone staircase leading up here.
The gnoll hits you from afar with a +0 halberd!
The gnoll zaps a wand.
The puff of flame hits you. The gnoll barely misses you.
The gnoll zaps a wand.
The puff of flame hits you but does no damage.
The gnoll hits you with a +0 halberd!
There is a stone staircase leading up, spattered with blood here.
The gnoll hits you but does no damage.
You are poisoned.
The gnoll hits you but does no damage. The gnoll hits you with a +0 halberd.
You fly upwards.
Reactivating autopickup.
You feel very sick.
There is a stone staircase leading down here.
You completely miss the gnoll.
You feel sick. The gnoll hits you with a +0 halberd.
You closely miss the gnoll.
You feel sick. The gnoll hits you with a +0 halberd!
You hit the gnoll but do no damage.
You feel sick. The gnoll hits you with a +0 halberd!
* * * LOW HITPOINT WARNING * * *
You closely miss the gnoll.
You feel sick. You block the gnoll's attack. The gnoll barely misses you.
You sock the gnoll!
The gnoll is severely wounded.
You feel sick.
You are no longer poisoned.
The gnoll closely misses you.
You feel very mighty all of a sudden. The gnoll hits you with a +0 halberd!
You die...

##......# #..............#
#.......###............###
#..##....###...<.......##
#..####..####...........#
#..####...###.........###
....................###
..##...............##
.####..............# ##
##...........@..#
.###.............g##
..##.............##
................##
..#..........##.#
.####..........###
.####.........#..#
.......##....##..#
...#.###.....##.##


You could see a gnoll.

Vanquished Creatures
  A centaur (D:5)
  A weeping skull (D:4)
  2 phantoms
  A hound (D:5)
  A jelly (D:5)
  Ijyb (D:4)
  6 adders
  A white imp (D:4)
  A ribbon worm (D:2)
  2 dart slugs (D:1)
  6 orcs
  3 ball pythons
  4 endoplasms
  A giant cockroach (D:1)
  8 hobgoblins
  9 jackals
  10 kobolds
  4 quokkas
  5 bats
  2 frilled lizards (D:3)
  9 goblins
  6 rats
  A spectral orc (D:4)
85 creatures vanquished.

Notes
Turn   | Place    | Note
-------+----------+-------------------------------------------
     0 | D:1      | smashvw the Mountain Dwarf Fighter began the quest for the
                  | Orb.
     0 | D:1      | Reached XP level 1. HP: 19/19 MP: 1/1
   226 | D:1      | Reached XP level 2. HP: 26/26 MP: 2/2
   492 | D:1      | Upgraded the game from 0.32-a0-886-g41c5271027 to
                  | 0.32-a0-900-g30fb1b0edc
   917 | D:1      | Reached XP level 3. HP: 33/33 MP: 3/3
  1154 | D:2      | Found a shimmering altar of Xom.
  1462 | D:2      | Found Rosturph's Antique Armour Shop.
  1779 | D:3      | Reached XP level 4. HP: 18/40 MP: 4/4
  2069 | D:3      | Became a worshipper of Beogh the Shepherd
  2397 | D:3      | Found a hazy altar of Hepliaklqana.
  2640 | D:4      | Noticed Ijyb
  2653 | D:4      | Killed Ijyb
  2654 | D:4      | Reached XP level 5. HP: 32/47 MP: 5/5
  2902 | D:4      | Found a basalt altar of Yredelemnul.
  3015 | D:4      | Noticed a phantom
  3035 | D:4      | Killed a phantom
  3036 | D:4      | Reached skill level 5 in Fighting
  3036 | D:4      | Reached skill level 5 in Shields
  3036 | D:4      | Reached XP level 6. HP: 40/56 MP: 6/6
  3229 | D:4      | Found a sparkling altar of Nemelex Xobeh.
  3230 | D:4      | Found an opulent altar of Gozag.
  3313 | D:5      | Entered Level 5 of the Dungeon
  3316 | D:5      | Reached * piety under Beogh
  3354 | D:5      | Reached skill level 5 in Maces & Flails
  3482 | D:5      | Found a glowing silver altar of Zin.
  3691 | D:5      | Found a broken altar of Ashenzari.
  3691 | D:5      | Found a burning altar of Makhleb.
  4017 | D:6      | Reached XP level 7. HP: 56/61 MP: 7/7
  4057 | D:5      | Slain by a gnoll

Illustrated notes

Levels and vault maps discovered:
D:1:      minmay_arrival_diagonal_passages, layout_loops_corners,
          amcnicky_mini_corridor_feature, chequers_decorated_corner,
          grunt_decor_resistance, hex_large
D:2:      layout_loops_ring, serial_shops, shop, basic_altar
D:3:      layout_rooms, nicolae_hepliaklqana_hippocampus, grunt_ministairs_9
D:4:      layout_cave_pools, grunt_temple_overflow_opulence,
          yredelemnul_forgotten_temple_becter, uniq_ijyb
D:5:      layout_cave_pools, zin_treasury, amethyst_overflow_temple_binary
D:6:      layout_loops_corners, okawaru_trees_2, old_standard_altar,
          mainiacjoe_overflow_surrounded_room

Skill      XL: |  1  2  3  4  5  6 |
---------------+-------------------+-----
Maces & Flails | 3 4 6 |  6.2
Fighting       | 4 5 |  5.0
Shields        | 4 5 6 |  6.0
Armour         | |  3.2

Action                     |  1- 3 |  4- 6 |  7- 9 || total
---------------------------+-------+-------+-------++-------
  Melee: Flail             |   150 |   209 |     5 ||   364
 Invoke: Convert to Beogh  |       |     1 |       ||     1
    Use: Potion            |       |       |     1 ||     1
 Armour: Scale mail        |   124 |    50 |       ||   174
         Chain mail        |       |   140 |    12 ||   152
  Dodge: Dodged            |    70 |    99 |     4 ||   173
  Block: Buckler           |    39 |    59 |     1 ||    99

Table legend: (Time is in decaauts)
 A = Elapsed time spent in this place.
 B = Non-inter-level travel time spent in this place.
 C = Inter-level travel time spent in this place.
 D = Time resting spent in this place.
 E = Time spent auto-exploring this place.
 F = Levels seen in this place.
 G = Mean time per level.
                   A        B        C        D        E       F      G
               +--------+--------+--------+--------+--------+-----+--------+
         Total |   4144 |   3992 |    152 |    116 |   3081 |   6 |  690.7 |
       Dungeon |   4144 |   3992 |    152 |    116 |   3081 |   6 |  690.7 |
               +--------+--------+--------+--------+--------+-----+--------+

Top non-repeatable levels by time:
     D:1: 1036 daAuts
     D:4: 885 daAuts
     D:3: 813 daAuts
     D:5: 704 daAuts
     D:2: 655 daAuts
     D:6: 48 daAuts
